 Dungeon Crawl Stone Soup version 0.31.0-9-g3a7656b989 (webtiles) character file.

Game seed: 13173131881921274456

4106090 puimuR the Slayer (level 27, 264/264 HPs)
             Began as a Ghoul Enchanter on Feb 3, 2024.
             Was an Elder of Makhleb.
             Escaped with the Orb
             ... and 4 runes
             ... and 6 gems on Feb 4, 2024!
             The game lasted 07:10:38 (38860 turns).

puimuR the Slayer (Ghoul Enchanter)                Turns: 38860, Time: 07:10:38

Health: 264/264    AC: 32    Str: 27      XL:     27
Magic:  34/37      EV: 20    Int: 28      God:    Makhleb [****..]
Gold:   2258       SH: 25    Dex: 17 (19) Spells: 13/36 levels left

rFire   + . .        J - +9 broad axe (freeze)
rCold   + + .        V - +6 tower shield of Hetaut {^Drain Int+9 Dex+8}
rNeg    + + +        e - +2 storm dragon scales {Bai Suzhen}
rPois   ∞            L - +2 helmet {Int+3}
rElec   +            W - +2 cloak {Will+}
rCorr   .            I - +1 pair of gloves {hurl}
SInv    .            b - +2 pair of boots {Fly}
Will    ++++.        R - amulet of regeneration Stlth
                     f - ring of the Open Hand {rN+ EV+5 Str+3 Slay+2}
HPRegen 1.44/turn    d - ring of Democracy {rPois rF+ rC+ Will+ Int+2}
MPRegen 0.25/turn

%: no passive effects
@: flying, studying Spellcasting
A: claws 1, cold resistance 1, negative energy resistance 3, inhibited
regeneration, torment resistance 2, devour on kill
0: Orb of Zot
}: 4/15 runes: decaying, serpentine, slimy, silver
a: Renounce Religion, Minor Destruction, Lesser Servant of Makhleb, Major
Destruction


You escaped.
You worshipped Makhleb.
Makhleb was greatly pleased with you.
You visited 13 branches of the dungeon, and saw 58 of its levels.
You visited 1 ziggurat, and saw 13 of its levels.
You also visited: Gauntlet, Ice Cave and Wizlab.

You collected 5871 gold pieces.
You spent 3613 gold pieces at shops.

Inventory:

Hand Weapons
 J - a +9 broad axe of freezing (weapon)
Missiles
 F - 2 throwing nets
 N - 23 silver javelins (quivered)
Armour
 b - a +2 pair of boots of flying (worn)
 e - +2 storm dragon scales (worn) {Bai Suzhen}
 E - +3 gold dragon scales
 I - a +1 pair of gloves of hurling (worn)
 L - a +2 helmet of intelligence (worn)
 V - the +6 tower shield of Hetaut (worn) {^Drain Int+9 Dex+8}
   (You found it on level 4 of the Snake Pit)

   Int+9:     It affects your intelligence (+9).
   Dex+8:     It affects your dexterity (+8).
   ^Drain:    It drains your maximum health when unequipped.
 W - a +2 cloak of willpower (worn)
Jewellery
 d - the ring of Democracy (right hand) {rPois rF+ rC+ Will+ Int+2}
   (You found it on level 5 of the Pits of Slime)

   [ring of poison resistance]

   Int+2:     It affects your intelligence (+2).
   rF+:       It protects you from fire.
   rC+:       It protects you from cold.
   rPois:     It protects you from poison Will+: It increases your willpower.
 f - the ring of the Open Hand (left hand) {rN+ EV+5 Str+3 Slay+2}
   (You found it on level 5 of the Pits of Slime)

   [ring of evasion]

   EV+5:      It affects your evasion (+5).
   Str+3:     It affects your strength (+3).
   Slay+2:    It affects your accuracy & damage with ranged weapons and melee
   (+2).
   rN+:       It protects you from negative energy.
 j - the ring of Nemm {rPois Int+3 Dex+5 SInv}
   (You took it off a deep elf blademaster on level 3 of the Elven Halls)

   [ring of see invisible]

   Int+3:     It affects your intelligence (+3).
   Dex+5:     It affects your dexterity (+5).
   rPois:     It protects you from poison SInv: It lets you see invisible.
 o - the ring of Fragile Peace {rCorr Stlth+}
   (You found it on level 5 of the Pits of Slime)

   [ring of resist corrosion]

   rCorr:     It protects you from acid and corrosion.
   Stlth+:    It makes you more stealthy.
 O - a +4 ring of protection
 R - an amulet of regeneration (around neck)
 S - the ring "Falav" {rPois Will- AC+4 Str+8 Int+3}
   (You found it on level 6 of a ziggurat)

   [ring of protection]

   AC+4:      It affects your AC (+4).
   Str+8:     It affects your strength (+8).
   Int+3:     It affects your intelligence (+3).
   rPois:     It protects you from poison Will-: It decreases your willpower.
 U - a +4 ring of slaying
Wands
 m - a wand of light (29)
 s - a wand of iceblast (32)
 v - a wand of flame (72)
 D - a wand of digging (10)
Scrolls
 a - 2 scrolls of silence
 g - 4 scrolls of fear
 k - 4 scrolls of vulnerability
 l - 5 scrolls of fog
 q - 8 scrolls of teleportation
 B - 8 scrolls of immolation
 G - 6 scrolls of blinking
 K - 3 scrolls of brand weapon
 P - 5 scrolls of torment
 Q - 8 scrolls of enchant weapon
 X - a scroll of butterflies
Potions
 c - 4 potions of invisibility
 h - 3 potions of heal wounds
 n - 4 potions of attraction
 p - 2 potions of resistance
 r - 7 potions of enlightenment
 t - 3 potions of cancellation
 u - 7 potions of curing
 w - 4 potions of haste
 z - 2 potions of ambrosia
 A - 7 potions of brilliance
 C - 3 potions of might
Miscellaneous
 M - a condenser vane
 Z - a phial of floods


   Skills:
 + Level 24.6 Fighting
 - Level 0.8 Short Blades
 - Level 19.0 Axes
 - Level 4.8 Throwing
 - Level 15.7 Armour
 - Level 14.7 Dodging
 - Level 3.2 Stealth
 - Level 15.0 Shields
 - Level 12.1 Unarmed Combat
 - Level 5.1 Spellcasting
 - Level 2.4 Hexes
 - Level 13.1 Translocations
 - Level 2.8 Ice Magic
 - Level 11.3 Air Magic
 - Level 20.7 Invocations
 - Level 7.1 Evocations


You had 13 spell levels left.
You knew the following spells:

 Your Spells              Type           Power      Damage    Failure   Level
a - Ensorcelled Hibernat  Hex/Ice        44%        N/A       26%         2
b - Confusing Touch       Hex            20%        N/A       50%         3
c - Apportation           Tloc           100%       N/A       1%          1
d - Passage of Golubria   Tloc           69%        N/A       2%          4
e - Vhi's Electric Charg  Tloc/Air       100%       N/A       3%          4
f - Manifold Assault      Tloc           69%        N/A       2%          4
g - Blink                 Tloc           100%       N/A       1%          2
h - Swiftness             Air            63%        N/A       1%          3

Your spell library contained the following spells:

 Spells                   Type           Power      Damage    Failure   Level
 Gell's Gravitas          Tloc           69%        N/A       1%          3
 Teleport Other           Tloc           69%        N/A       1%          3
 Shock                    Conj/Air       100%       1d9       4%          1
 Airstrike                Air            31%        2d(5-21)  4%          4
 Mercury Vapours          Alch/Air       78%        N/A       8%          2
 Volatile Blastmotes      Fire/Tloc      86%        2d17      11%         3
 Freeze                   Ice            92%        1d9       16%         1
 Cigotuvi's Dreadful Rot  Necr/Alch/Air  56%        N/A       16%         2
 Dimensional Bullseye     Hex/Tloc       25%        N/A       22%         4
 Mephitic Cloud           Conj/Alch/Air  28%        N/A       32%         3
 Iskenderun's Mystic Bla  Conj/Tloc      43%        2d10      34%         4
 Dispersal                Tloc           34%        N/A       36%         6
 Frozen Ramparts          Ice            46%        1d7       43%         3
 Ozocubu's Armour         Ice            23%        N/A       43%         3
 Magic Dart               Conj           28%        1d4       45%         1
 Necrotise                Necr           28%        1d5       45%         1
 Sandblast                Erth           14%        2d6       45%         1
 Sting                    Conj/Alch      28%        1d4       45%         1
 Summon Small Mammal      Summ           28%        N/A       45%         1
 Tukima's Dance           Hex            20%        N/A       50%         3
 Call Imp                 Summ           14%        N/A       61%         2
 Scorch                   Fire           14%        2d5       61%         2
 Searing Ray              Conj           14%        2d5       61%         2
 Silence                  Hex/Air        22%        N/A       63%         5
 Hailstorm                Conj/Ice       15%        3d6       65%         3
 Dazzling Flash           Conj/Hex       26%        N/A       67%         3
 Inner Flame              Hex/Fire       13%        N/A       67%         3
 Summon Forest            Summ/Tloc      21%        N/A       67%         5
 Arcjolt                  Conj/Air       19%        1d29      80%         5
 Fugue of the Fallen      Necr           7%         N/A       83%         3
 Passwall                 Erth           7%         N/A       83%         3
 Stone Arrow              Conj/Erth      14%        3d7       83%         3
 Cause Fear               Hex            10%        N/A       88%         4
 Freezing Cloud           Conj/Ice/Air   16%        6-21      90%         5
 Anguish                  Hex/Necr       6%         N/A       97%         4
 Animate Armour           Summ/Erth      14%        N/A       99%         4
 Animate Dead             Necr           7%         N/A       99%         4
 Brom's Barrelling Bould  Conj/Erth      7%         2d3       99%         4
 Dispel Undead            Necr           7%         3d8       99%         4
 Flame Wave               Conj/Fire      7%         2d5       99%         4
 Fulminant Prism          Conj/Alch      3%         3d5       99%         4
 Ignite Poison            Fire/Alch      7%         N/A       99%         4
 Martyr's Knell           Necr/Summ      7%         N/A       99%         4
 Sticky Flame             Fire/Alch      7%         2d4       99%         4
 Summon Blazeheart Golem  Fire/Summ      7%         N/A       99%         4
 Metabolic Englaciation   Hex/Ice        11%        N/A       99%         5
 Alistair's Intoxication  Alch           4%         N/A       100%        5
 Borgnjor's Vile Clutch   Necr/Erth      3%         N/A       100%        5
 Irradiate                Conj/Alch      3%         3d12      100%        5
 Summon Mana Viper        Hex/Summ       13%        N/A       100%        5
 Yara's Violent Unravell  Hex/Alch       6%         3d5       100%        5
 Eringya's Noxious Bog    Alch           3%         4d6       100%        6
 Starburst                Conj/Fire      3%         6d3       100%        6
 Summon Cactus Giant      Summ           3%         N/A       100%        6
 Enfeeble                 Hex            10%        N/A       100%        7
 Haunt                    Necr/Summ      3%         N/A       100%        7
 Monstrous Menagerie      Summ           3%         N/A       100%        7
 Orb of Destruction       Conj           3%         9d5       100%        7
 Ozocubu's Refrigeration  Ice            11%        4d10      100%        7
 Spellforged Servitor     Conj/Summ      3%         N/A       100%        7
 Disjunction              Tloc           34%        N/A       100%        8
 Ignition                 Fire           3%         3d4       100%        8
 Lehudib's Crystal Spear  Conj/Erth      3%         10d3      100%        8
 Maxwell's Capacitive Co  Air            31%        ∞         100%        8
 Summon Horrible Things   Summ           3%         N/A       100%        8
 Chain Lightning          Conj/Air       19%        3d26      100%        9
 Fire Storm               Conj/Fire      3%         8d1       100%        9
 Shatter                  Erth           3%         3d7*      100%        9
 Borgnjor's Revivificati  Necr           Unusable   N/A       N/A         8
 Death's Door             Necr           Unusable   N/A       N/A         9

Dungeon Overview and Level Annotations

Branches:
Dungeon (15/15)            Temple (1/1) D:5            Lair (5/5) D:9
  Swamp (4/4) Lair:2        Snake (4/4) Lair:3        Slime (5/5) Lair:5
    Orc (2/2) D:11            Elf (3/3) Orc:2        Vaults (5/5) D:13
  Crypt (3/3) Vaults:3       Tomb (2/3) Crypt:3      Depths (4/4) D:15
    Zot (5/5) Depths:4      IceCv (visited)          WizLab (visited)
Gauntlet (visited)

Altars:
Ashenzari
Cheibriados
Dithmenos
Fedhas
Gozag
Hepliaklqana
Kikubaaqudgha
Makhleb
Nemelex Xobeh
Okawaru
Qazlal
Ru
Sif Muna
Trog
Uskayaw
Vehumet
Wu Jian
Xom
Yredelemnul

Shops:
D:4 [   D:10 *(*   Orc:2 [!(*   Elf:2 =   Snake:1 *   Vaults:1 [   Vaults:4 =
Vaults:5 [*=?!?   Depths:4 *[=

Portals:
Hell: Depths:1 Depths:3 Depths:4
Abyss: Depths:3
Pandemonium: Depths:1 Depths:2

Annotations:
D:3 exclusion: downstairs
D:11 exclusion: ice statue
Elf:3 Zenata
Crypt:1 Xenat's ghost, veteran MiGl
Depths:1 1 runed translucent door


Innate Abilities, Weirdness & Mutations

You are immune to poison.
You have sharp fingernails.
Your flesh is cold resistant. (rC+)
You are immune to negative energy. (rN+++)
You do not regenerate when monsters are visible.
You are immune to unholy pain and torment.
You thrive by killing the living.


Message History

You block the poison arrow.
You slash the green death! You freeze the green death.
The green death is moderately wounded.
You slice the green death!! You freeze the green death!
The green death is almost dead.
You block the green death's attack.
You slash the green death! You freeze the green death.
The green death is almost dead.
The green death gestures at you.
The bolt of poison hits you but does no damage.
You resist.
You slice the green death!! You freeze the green death.
You kill the green death!
Makhleb accepts your kill.
There is an escape hatch in the ceiling here.
A mysterious force pulls you upwards. The hatch slams shut behind you.
Unknown command.
Unknown command.
There is an open door here.
Things that are here:
a +0 dagger; a +0 dagger; a frilled lizard skeleton
Aiming: Dig
Press: ? - help, Shift-Dir - straight line A rock wall.
This square is covered in magical glow.
The rock shatters into small pieces.
You see here a +0 robe.
Aiming: Dig
Press: ? - help, Shift-Dir - straight line A rock wall.
This square is covered in magical glow.
The rock shatters into small pieces.
Casting: Passage of Golubria (mildly dangerous; 2% risk of failure)
Confirm with . or Enter, or press ? or * to list all spells.
Aiming: Passage of Golubria (mildly dangerous; 2% risk of failure)
Press: ? - help, Dir - move target You enter the passage of Golubria.
There is a passage of Golubria here.
There is a staircase leading out of the dungeon here.
You have escaped!

#######
########.....#
#.....##..8..#
#..@..##.....#
#..#..#####'###
#..#.^##....).######
#.....'.............
########........###.
#.......## #.
###.....# #.
###...### #.
###....#.## #.


There were no monsters in sight!

Vanquished Creatures
  the Royal Jelly (Slime:5)
  2 ancient liches
  3 dread liches
  Frederick (Vaults:4)
  3 orbs of fire (Zot:5)
  Boris (Elf:3)
  4 royal mummies (Tomb:1)
  5 Killer Klowns (Zot:5)
  Bai Suzhen (D:15)
  A curse toe (Depths:4)
  3 caustic shrikes (Zig:12)
  Jory (Depths:3)
  10 golden dragons
  3 electric golems
  A hellephant (Zig:12)
  A Brimstone Fiend (Zot:3)
  15 Orb Guardians
  9 tentacled monstrosities
  4 liches
  The ghost of Zotwa the Pandemonic, an adept GnSk of Makhleb (Vaults:4)
  11 deep elf blademasters
  7 quicksilver dragons
  8 deep elf master archers (Elf:3)
  14 titans
  10 sphinxes
  23 acid blobs
  2 ancient champions
  10 shadow dragons
  5 death cobs
  6 tengu reavers
  Frances (D:13)
  2 thorn hunters (Swamp:4)
  11 azure jellies
  13 nagarajas
  13 rockslimes
  2 revenants
  Donald (Crypt:1)
  7 protean progenitors
  16 storm dragons
  4 draconian monks
  13 fire giants
  4 draconian scorchers
  7 draconian knights
  14 frost giants
  3 draconian shifters
  16 vault wardens
  8 deep elf sorcerers
  A ghost moth (Zot:5)
  2 ghouls (Crypt:1)
  5 orc warlords
  3 curse skulls
  3 iron dragons
  A spectral tentacled monstrosity (Crypt:2)
  5 deep elf elementalists (Elf:3)
  5 draconian annihilators
  An angel (Depths:2)
  11 ironbound preservers
  6 quicksilver oozes
  13 very ugly things
  A reaper (Crypt:3)
  2 broodmothers (Zot:3)
  5 formless jellyfish
  A caustic shrike skeleton (Tomb:1)
  2 spriggan defenders (Depths:3)
  18 vampire knights
  6 black draconians
  6 eleionomae
  18 stone giants
  7 purple draconians
  9 ironbound thunderhulks
  2 bennus (Tomb:1)
  4 bunyips
  10 deep elf death magi
  5 deep elf demonologists
  4 dire elephants
  7 deep elf annihilators (Elf:3)
  7 white draconians
  Azrael (D:13)
  A minotaur (Gauntlet)
  9 spark wasps
  4 green draconians
  11 yellow draconians
  2 war gargoyles
  12 red draconians
  An eidolon (Crypt:2)
  5 mummy priests (Tomb:1)
  2 merfolk javelineers (Vaults:4)
  2 green deaths
  8 yaktaur captains
  13 fire dragons
  Josephine (D:15)
  8 ettins
  4 jiangshi
  2 quicksilver dragon zombies (D:15)
  A shambling mangrove (Swamp:2)
  A merfolk impaler (Zig:10)
  27 vault guards
  11 deep elf high priests
  13 ice dragons
  2 kraken zombies (Crypt:2)
  Harold (Lair:2)
  4 salamander tyrants
  7 great orbs of eyes
  3 spriggan air magi
  20 hydras
  6 spriggan zombies
  A hell beast (Zot:2)
  Erolcha (D:9)
  2 rakshasas
  2 ghost crabs
  A catoblepas (Zig:12)
  5 ironbound frosthearts
  4 ogre magi
  4 boulder beetles
  A two-headed ogre (shapeshifter) (Vaults:5)
  9 alligators
  5 anacondas
  An alligator snapping turtle (Zig:10)
  A death knight (Crypt:2)
  2 merfolk aquamancers
  16 dancing weapons
  16 two-headed ogres
  A deep troll shaman (Depths:3)
  20 death scarabs (Tomb:1)
  3 tengu warriors
  2 deep troll earth magi (Depths:3)
  6 death yaks
  4 occultists
  19 naga warriors
  5 vampire magi
  Sonja (D:13)
  The ghost of paavali the Cleaver, a novice FoFi of Okawaru (D:9)
  7 spriggan berserkers
  3 orc high priests
  11 naga sharpshooters
  9 hell knights
  11 shock serpents
  A soul eater (Crypt:3)
  2 sun demons
  Amaemon (D:11)
  30 skeletal warriors
  23 deep elf knights
  2 shadow wraiths
  Nergalle (Lair:1)
  A goliath frog (Swamp:4)
  A large abomination (Zig:2)
  A spark wasp zombie (Crypt:2)
  24 deep trolls
  An iron troll (Depths:2)
  4 skysharks
  2 salamander mystics
  A bunyip zombie (Crypt:2)
  2 sea snakes (Zig:10)
  5 flayed ghosts
  3 glowing orange brains
  7 ironbound convokers
  An anaconda (shapeshifter) (Vaults:5)
  8 arcanists
  26 deep elf archers
  An obsidian statue (Zot:5)
  2 shadow demons
  10 naga ritualists
  9 mana vipers
  A death drake (shapeshifter) (Vaults:5)
  7 bog bodies
  5 spriggan druids
  13 swamp dragons
  A shadow dragon zombie (Crypt:3)
  6 lindwurms
  A harpy (Vaults:1)
  5 necromancers
  Pikel (D:8)
  A harpy (shapeshifter) (D:13)
  21 phantasmal warriors
  2 wolf spider zombies (Crypt:2)
  16 orc knights
  20 deep elf pyromancers
  19 deep elf zephyrmancers
  5 cyclopes
  4 shining eyes
  4 orc sorcerers
  42 ugly things
  2 fauns (Zot:2)
  6 salamanders
  A shining eye (shapeshifter) (Vaults:5)
  5 will-o-the-wisps
  A cyclops (shapeshifter) (Vaults:1)
  A merfolk siren (Zig:10)
  6 manticores
  12 moths of wrath
  A shock serpent zombie (Crypt:1)
  7 elephants
  A guardian serpent (shapeshifter) (Vaults:5)
  50 black mambas
  A dire elephant zombie (Crypt:3)
  An eye of devastation (Slime:2)
  5 kobold blastminers
  13 vault sentinels
  20 naga magi
  An ice statue (IceCv)
  9 apocalypse crabs (Depths:1)
  A water nymph (Zig:10)
  4 guardian serpents
  14 cane toads
  2 gargoyles
  A smoke demon (Zig:2)
  An orange demon (D:11)
  31 yaktaurs
  Maggie (D:9)
  Jeremiah (D:8)
  A redback zombie (Crypt:2)
  6 rime drakes
  A human zombie (Vaults:4)
  A kobold demonologist (D:13)
  4 tengu conjurers
  3 freezing wraiths
  2 spectral demonic crawlers (Crypt:2)
  3 ice devils (D:11)
  11 komodo dragons
  A great orb of eyes zombie (Crypt:2)
  2 harpy zombies (Crypt:3)
  4 guardian mummies
  7 tyrant leeches
  A black draconian skeleton (Crypt:1)
  A queen bee (shapeshifter) (Vaults:3)
  4 wind drakes
  A wind drake (shapeshifter) (Depths:4)
  10 trolls
  5 merfolk (Zig:10)
  12 hornets
  Prince Ribbit (D:5)
  A raiju (Zig:4)
  A glass eye (Depths:3)
  16 polar bears
  17 blink frogs
  A harpy skeleton (Crypt:2)
  A culicivora zombie (Crypt:2)
  2 snapping turtles (Zig:10)
  A frost giant simulacrum (Vaults:4)
  13 dream sheep
  A black mamba zombie (Crypt:3)
  A centaur simulacrum (Gauntlet)
  60 slime creatures
  A slime creature (shapeshifter) (Elf:3)
  3 wyverns
  3 culicivoras (Zot:5)
  18 spriggans
  Sigmund (D:5)
  An air elemental (Zig:7)
  14 wraiths
  A dire elephant simulacrum (D:11)
  3 steam dragons
  5 water elementals
  4 fire elementals
  45 yaks
  3 ushabtiu (Tomb:1)
  4 basilisks
  A golden eye (Slime:1)
  7 wargs
  A wind drake skeleton (Crypt:1)
  8 vampire mosquitoes
  A swamp worm (shapeshifter) (Vaults:5)
  17 swamp worms
  64 nagas
  An acid dragon (shapeshifter) (D:14)
  7 acid dragons
  A two-headed ogre zombie (Crypt:3)
  15 water moccasins
  A fire bat skeleton (Crypt:1)
  9 hell hounds
  23 orc warriors
  11 swamp drakes
  A sky beast (D:8)
  5 ice beasts
  An ice dragon simulacrum (Gauntlet)
  A swamp dragon zombie (Crypt:3)
  7 black bears
  15 laughing skulls
  8 boggarts
  A human skeleton (Vaults:4)
  26 ogres
  56 wolves
  5 starcursed masses (Zig:2)
  2 lemures (D:8)
  11 centaurs
  3 kobold brigands
  A draconian zombie (Crypt:2)
  An earth elemental (Elf:3)
  6 bullfrogs
  A necrophage (Crypt:1)
  A warg zombie (Crypt:2)
  4 scorpions
  A cane toad simulacrum (D:11)
  A wight (D:8)
  A warg skeleton (Crypt:2)
  3 hornet simulacra (Gauntlet)
  8 killer bees
  A howler monkey (D:11)
  A bombardier beetle (D:5)
  6 orc priests
  2 hounds
  2 gnoll boudas
  5 jellies (Gauntlet)
  4 iguanas
  9 orc wizards
  3 sleepcaps
  A polar bear simulacrum (D:11)
  A spriggan simulacrum (D:11)
  A troll simulacrum (D:11)
  A crocodile zombie (Crypt:1)
  An ogre zombie (Crypt:3)
  11 mummies
  4 adders
  13 gnolls
  2 naga simulacra
  A shadow imp (D:5)
  3 white imps
  3 dart slugs
  A ribbon worm (D:4)
  50 orcs
  3 ball pythons
  7 bats
  6 endoplasms
  5 giant cockroaches
  10 goblins
  5 hobgoblins
  2 quokkas
  5 frilled lizards
  A goblin skeleton (Crypt:3)
  11 kobolds
  7 rats
  2 aspiring fleshes
  4 spectral weapons
  3 tentacles (Crypt:2)
2205 creatures vanquished.

Vanquished Creatures (collateral kills)
  A dread lich (Zot:5)
  An ancient lich (Zot:5)
  An orb of fire (Zot:5)
  A royal mummy (Tomb:1)
  A golden dragon (Zot:3)
  An electric golem (Zot:5)
  A tentacled monstrosity (Zot:5)
  7 Orb Guardians (Zot:5)
  2 storm dragons
  A ghoul (Crypt:1)
  A black draconian (Zot:5)
  A deep elf death mage (Crypt:1)
  An ice dragon (Zot:3)
  2 sun demons (Zot:5)
  A guardian mummy (Tomb:1)
  A glass eye (Depths:3)
  A ynoxinul (Depths:4)
  A laughing skull (Crypt:1)
  A fire crab zombie (Crypt:1)
  A gnoll skeleton (Crypt:1)
28 creatures vanquished.

Vanquished Creatures (others)
  A fenstrider witch (Swamp:3)
  A draconian knight (Zig:8)
  A fire giant (Elf:1)
  2 frost giants
  A draconian shifter (Zot:1)
  A red draconian (Zot:2)
  A fire dragon (Zig:13)
  A swamp dragon (Swamp:3)
  A deep elf zephyrmancer (Elf:3)
  A moth of wrath (Zot:1)
  A vault sentinel (Vaults:3)
  A bloated husk (Swamp:2)
  A wyvern (Zig:13)
  A water elemental (Elf:2)
  A naga (Snake:4)
  An acid dragon (Zig:13)
  A swamp drake (Zig:13)
  An orc priest (Orc:2)
  17 foxfires
  6 tentacles (Crypt:2)
42 creatures vanquished.

Grand Total: 2275 creatures vanquished

Notes
Turn   | Place    | Note
-------+----------+-------------------------------------------
     0 | D:1      | puimuR the Ghoul Enchanter began the quest for the Orb.
     0 | D:1      | Reached XP level 1. HP: 14/14 MP: 3/3
    81 | D:1      | Reached skill level 1 in Unarmed Combat
   167 | D:1      | Reached XP level 2. HP: 16/20 MP: 4/4
   170 | D:1      | Learned a level 2 spell: Ensorcelled Hibernation
   266 | D:1      | Reached skill level 1 in Ice Magic
   462 | D:1      | Reached XP level 3. HP: 26/26 MP: 5/5
   466 | D:1      | Learned a level 3 spell: Confusing Touch
  1251 | D:3      | Reached XP level 4. HP: 31/33 MP: 2/6
  1424 | D:4      | Noticed an ogre
  1447 | D:3      | Found a faded altar of an unknown god.
  2194 | D:4      | Reached XP level 5. HP: 37/38 MP: 0/7
  2259 | D:4      | Killed an ogre
  2260 | D:4      | Reached skill level 5 in Unarmed Combat
  2370 | D:4      | Noticed a black bear
  2386 | D:4      | Killed a black bear
  2387 | D:4      | Reached skill level 1 in Fighting
  2387 | D:4      | Reached XP level 6. HP: 35/48 MP: 0/8
  2433 | D:4      | Reached skill level 2 in Fighting
  2458 | D:4      | Identified the +0 robe of the Accordion {rC- rN+ Dex+4}
  2528 | D:4      | Found Roisuuf's Armour Emporium.
  2596 | D:5      | Entered Level 5 of the Dungeon
  2600 | D:5      | Found a staircase to the Ecumenical Temple.
  2601 | D:5      | Noticed a black bear
  2624 | D:4      | Killed a black bear
  2625 | D:4      | Reached skill level 3 in Fighting
  2625 | D:4      | Reached XP level 7. HP: 39/57 MP: 1/9
  2655 | Temple   | Entered the Ecumenical Temple
  2774 | D:5      | Reached skill level 4 in Fighting
  3198 | D:6      | Reached skill level 5 in Fighting
  3198 | D:6      | Reached XP level 8. HP: 68/68 MP: 10/10
  3267 | D:6      | Identified the +5 chain mail of Weightlessness {+Inv Int-2
                  | Dex-5 Slay+5}
  3668 | D:5      | Noticed Sigmund
  3682 | D:5      | Noticed Prince Ribbit
  3687 | D:5      | Killed Sigmund
  3688 | D:5      | Reached skill level 1 in Armour
  3697 | D:5      | Killed Prince Ribbit
  3835 | D:6      | Identified the +3 scimitar "Diuxob" {elec, Fly Dex+5}
  3898 | D:7      | Found a bloodstained altar of Trog.
  3899 | D:7      | Noticed a hornet
  3906 | D:7      | Killed a hornet
  3907 | D:7      | Reached XP level 9. HP: 73/75 MP: 11/11
  3914 | D:7      | Reached skill level 10 in Unarmed Combat
  3931 | D:7      | Found an opulent altar of Gozag.
  3931 | D:7      | Found a sacrificial altar of Ru.
  3934 | D:7      | Found an ornate altar of the Wu Jian Council.
  3944 | D:7      | Found an iron altar of Okawaru.
  3952 | D:7      | Became a worshipper of Warmaster Okawaru
  3978 | D:7      | Found a shadowy altar of Dithmenos.
  4137 | D:8      | Reached skill level 1 in Evocations
  4306 | D:8      | Reached * piety under Okawaru
  4442 | D:8      | Reached skill level 1 in Invocations
  4472 | D:8      | Reached ** piety under Okawaru
  4490 | D:8      | Noticed a green ugly thing
  4504 | D:8      | Reached XP level 10. HP: 83/83 MP: 9/12
  4508 | D:8      | Killed a green ugly thing
  4509 | D:8      | Reached skill level 6 in Fighting
  4741 | D:4      | Bought a +1 pair of boots of flying for 198 gold pieces
  4856 | D:8      | Noticed Jeremiah
  4901 | D:8      | Killed Jeremiah
  5009 | D:9      | Reached skill level 7 in Fighting
  5059 | D:9      | Reached *** piety under Okawaru
  5078 | D:9      | Found a staircase to the Lair.
  5154 | D:9      | Noticed Maggie
  5163 | D:9      | Killed Maggie
  5164 | D:9      | Reached skill level 8 in Fighting
  5189 | D:9      | Noticed Erolcha
  5198 | D:9      | Killed Erolcha
  5230 | D:9      | Reached skill level 5 in Spellcasting
  5233 | D:9      | Reached **** piety under Okawaru
  5234 | D:9      | Reached skill level 1 in Axes
  5234 | D:9      | Reached XP level 11. HP: 81/95 MP: 13/18
  5325 | D:9      | Found a runed translucent gate.
  5325 | D:9      | Found a runed translucent gate.
  5325 | D:9      | Found a runed translucent gate.
  5327 | D:9      | Noticed paavali's ghost (novice FoFi)
  5355 | D:9      | Killed paavali's ghost
  5502 | D:10     | Entered Level 10 of the Dungeon
  5537 | D:10     | Found Jixkyl's Weapon Shoppe.
  5570 | D:10     | Found Astri Sox's General Store.
  5570 | D:10     | Noticed a two-headed ogre
  5579 | D:10     | Killed a two-headed ogre
  5739 | D:11     | Reached skill level 5 in Axes
  5767 | D:11     | Found a staircase to the Orcish Mines.
  5793 | D:11     | Noticed a bog body
  5850 | D:10     | Killed a bog body
  5850 | D:10     | Reached ***** piety under Okawaru
  5907 | D:11     | Noticed a cyclops
  5916 | D:11     | Killed a cyclops
  5916 | D:11     | Received a gift from Okawaru
  5921 | D:11     | Noticed Amaemon
  5927 | D:11     | Reached skill level 5 in Invocations
  5944 | D:11     | Killed Amaemon
  5948 | D:11     | Noticed an orc knight
  5975 | D:10     | Killed an orc knight
  6090 | D:11     | Reached XP level 12. HP: 102/103 MP: 17/19
  6234 | D:11     | Found a frozen archway.
  6238 | D:11     | Noticed a boulder beetle
  6245 | IceCv    | Entered an ice cave
  6269 | IceCv    | Received a gift from Okawaru
  6441 | IceCv    | Reached skill level 10 in Axes
  6677 | IceCv    | Noticed a death yak
  6696 | IceCv    | Killed a death yak
  6702 | IceCv    | Received a gift from Okawaru
  6791 | IceCv    | Noticed a death yak
  6791 | IceCv    | Noticed a frost giant
  6791 | IceCv    | Noticed a death yak
  6802 | IceCv    | Killed a death yak
  6813 | IceCv    | Killed a frost giant
  6823 | IceCv    | Killed a death yak
  6829 | IceCv    | Reached XP level 13. HP: 92/110 MP: 10/20
  6835 | IceCv    | Received a gift from Okawaru
  6865 | IceCv    | Identified the +3 double sword of the Wolf {drain, Dex+6}
  6870 | IceCv    | Identified the +6 shortbow of Responsibility {flame, rF+
                  | Dex+3}
  7526 | D:13     | Received a gift from Okawaru
  7694 | D:13     | Noticed Sonja
  7731 | D:13     | Killed Sonja
  8008 | D:13     | Noticed Azrael
  8326 | D:14     | Received a gift from Okawaru
  8451 | D:14     | Found a gate leading to a gauntlet.
  8477 | D:14     | Identified a scroll of acquirement
  8487 | Gauntlet | Entered a Gauntlet
  8487 | Gauntlet | Found a transporter.
  8487 | Gauntlet | Found a transporter.
  8487 | Gauntlet | Found a transporter.
  8488 | Gauntlet | Found a transporter.
  8492 | Gauntlet | Found a transporter.
  8494 | Gauntlet | Found a transporter.
  8496 | Gauntlet | Found a runed translucent door.
  8498 | Gauntlet | Found a transporter.
  8498 | Gauntlet | Found a runed translucent door.
  8500 | Gauntlet | Found a transporter.
  8501 | Gauntlet | Found a transporter.
  8503 | Gauntlet | Found a transporter.
  8511 | Gauntlet | Found a transporter.
  8511 | Gauntlet | Found a transporter.
  8598 | Gauntlet | Reached skill level 9 in Fighting
  8627 | Gauntlet | Identified the ring "Nyir" {rF+ rN+ Str-5 Int+7 Slay-5}
  8676 | Gauntlet | Identified the -2 helmet of the Beekeeper {rPois MP+9
                  | Stlth+}
  8685 | Gauntlet | Reached skill level 15 in Axes
  8703 | Gauntlet | Noticed a minotaur
  8718 | Gauntlet | Killed a minotaur
  8735 | Gauntlet | Identified the -1 pair of boots "Giuwaterch" {Slay+2}
  8854 | D:14     | Received a gift from Okawaru
  8911 | D:14     | Reached XP level 14. HP: 118/119 MP: 21/21
  8942 | D:14     | Reached skill level 10 in Fighting
  8997 | D:14     | Identified the +4 trident "Plog" {vamp, *Rage rCorr Str+2
                  | Int+3}
  9075 | D:15     | Entered Level 15 of the Dungeon
  9188 | D:14     | HP: 5/121 [skeletal warrior/+0 long sword (14)]
  9455 | D:15     | Found a staircase to the Depths.
  9501 | D:15     | Got a smoky gem with 463 turns to spare
  9582 | D:15     | Received a gift from Okawaru
  9639 | D:15     | Noticed Josephine
  9736 | D:15     | Killed Josephine
  9785 | D:15     | HP: 3/121 [skeletal warrior/+0 war axe (14)]
  9971 | D:13     | Noticed Frances
  9984 | D:13     | Killed Frances
  9996 | D:13     | Found a gate to the Vaults.
 10153 | Orc:1    | Entered Level 1 of the Orcish Mines
 10171 | Orc:2    | Entered Level 2 of the Orcish Mines
 10182 | Orc:2    | Received a gift from Okawaru
 10216 | Orc:2    | Paralysed by an orc sorcerer for 5 turns
 10310 | Orc:2    | Found Nymough's General Store.
 10347 | Orc:2    | Reached skill level 11 in Fighting
 10347 | Orc:2    | Paralysed by something for 2 turns
 10352 | Orc:2    | Found Fyep's Distillery.
 10353 | Orc:2    | Found a staircase to the Elven Halls.
 10432 | Orc:1    | Reached XP level 15. HP: 129/129 MP: 22/22
 10677 | Orc:2    | Reached skill level 5 in Armour
 10776 | Orc:2    | Found Innuf's Antique Weapon Shop.
 10830 | Orc:2    | Found Yfaig's Antique Armour Boutique.
 10843 | Orc:2    | Bought a potion of heal wounds for 65 gold pieces
 10843 | Orc:2    | Bought a potion of curing for 39 gold pieces
 10843 | Orc:2    | Bought a potion of curing for 39 gold pieces
 10843 | Orc:2    | Bought a potion of curing for 39 gold pieces
 10843 | Orc:2    | Bought a potion of heal wounds for 65 gold pieces
 10865 | Elf:1    | Entered Level 1 of the Elven Halls
 10874 | Elf:1    | Received a gift from Okawaru
 10880 | Elf:1    | Reached skill level 12 in Fighting
 11037 | Lair:1   | Entered Level 1 of the Lair of Beasts
 11223 | Lair:1   | Noticed Nergalle
 11229 | Lair:1   | Killed Nergalle
 11327 | Lair:2   | Found a staircase to the Swamp.
 11429 | Swamp:1  | Entered Level 1 of the Swamp
 11547 | Swamp:2  | Reached skill level 1 in Shields
 11549 | Swamp:2  | Received a gift from Okawaru
 11555 | Swamp:2  | Reached ****** piety under Okawaru
 11576 | Swamp:2  | Acquired a +3 executioner's axe of flaming
 11576 | Swamp:2  | Received a gift from Okawaru
 11725 | Swamp:4  | Entered Level 4 of the Swamp
 11847 | Swamp:4  | Received a gift from Okawaru
 11930 | Swamp:3  | Noticed a fenstrider witch
 12028 | Swamp:4  | Reached XP level 16. HP: 134/141 MP: 23/23
 12113 | Swamp:4  | Noticed a thorn hunter
 12197 | Swamp:4  | Killed a thorn hunter
 12207 | Swamp:4  | Reached skill level 5 in Shields
 12307 | Swamp:4  | Learned a level 1 spell: Apportation
 12317 | Swamp:4  | Noticed a thorn hunter
 12329 | Swamp:4  | Killed a thorn hunter
 12330 | Swamp:4  | Reached skill level 13 in Fighting
 12337 | Swamp:4  | Got a mossy gem with 972 turns to spare
 12339 | Swamp:4  | Got a decaying rune of Zot
 12444 | Swamp:3  | Killed a fenstrider witch
 12497 | Swamp:3  | Received a gift from Okawaru
 12610 | Swamp:2  | Reached skill level 1 in Throwing
 12763 | Swamp:1  | Reached skill level 14 in Fighting
 12984 | Lair:2   | Noticed Harold
 12990 | Lair:2   | Killed Harold
 13142 | Lair:5   | Entered Level 5 of the Lair of Beasts
 13151 | Lair:5   | Received a gift from Okawaru
 13305 | Lair:4   | Acquired a manual of Dodging
 13426 | Lair:5   | Reached XP level 17. HP: 154/154 MP: 24/24
 13513 | Lair:5   | Got an earthy gem with 2820 turns to spare
 13517 | Lair:5   | Got the Omnibus of the Niveous Storm
 13532 | Lair:5   | Reached skill level 15 in Fighting
 13638 | Lair:5   | Received a gift from Okawaru
 13661 | Lair:5   | Found a staircase to the Slime Pits.
 14588 | Lair:3   | Received a gift from Okawaru
 14596 | Lair:3   | Found a staircase to the Snake Pit.
 14625 | Snake:1  | Entered Level 1 of the Snake Pit
 14646 | Snake:1  | Reached skill level 16 in Fighting
 14653 | Snake:1  | Reached skill level 5 in Dodging
 14672 | Snake:1  | Found Itwosec's Neck Hole.
 14785 | Snake:1  | Found a radiant altar of Vehumet.
 14849 | Snake:2  | Received a gift from Okawaru
 15126 | Snake:1  | Received a gift from Okawaru
 15257 | Snake:2  | Reached skill level 17 in Fighting
 15283 | Snake:2  | Reached XP level 18. HP: 168/169 MP: 25/25
 15352 | Snake:4  | Entered Level 4 of the Snake Pit
 15432 | Snake:3  | Learned a level 4 spell: Passage of Golubria
 15437 | Snake:3  | Learned a level 4 spell: Vhi's Electric Charge
 15442 | Snake:3  | Learned a level 4 spell: Manifold Assault
 15634 | Snake:3  | Reached skill level 10 in Dodging
 15774 | Snake:4  | Received a gift from Okawaru
 16173 | Snake:4  | Identified the +6 tower shield of Hetaut {^Drain Int+9
                  | Dex+8}
 16329 | Snake:4  | Received a gift from Okawaru
 16550 | Snake:4  | Got a jade gem with 569 turns to spare
 16552 | Snake:4  | Got a serpentine rune of Zot
 16982 | Snake:4  | Received a gift from Okawaru
 17077 | Snake:4  | Acquired the +3 warlock's mirror {omnireflect}
 17077 | Snake:4  | Received a gift from Okawaru
 17077 | Snake:4  | Found the +3 warlock's mirror {omnireflect}
 17430 | D:4      | Bought a +2 cloak of willpower for 258 gold pieces
 17430 | D:4      | Bought a +1 pair of gloves of hurling for 198 gold pieces
 17758 | Slime:1  | Entered Level 1 of the Pits of Slime
 17962 | Slime:1  | Reached skill level 10 in Shields
 17984 | Slime:1  | Received a gift from Okawaru
 17985 | Slime:1  | Reached XP level 19. HP: 60/179 MP: 23/26
 18133 | Slime:5  | Entered Level 5 of the Pits of Slime
 18234 | Slime:5  | Reached skill level 5 in Evocations
 18642 | Slime:5  | Noticed the Royal Jelly
 18727 | Slime:5  | Received a gift from Okawaru
 18731 | Slime:5  | Killed the Royal Jelly
 18872 | Slime:5  | Identified the ring of Democracy {rPois rF+ rC+ Will+
                  | Int+2}
 18879 | Slime:5  | Identified the ring of Fragile Peace {rCorr Stlth+}
 18898 | Slime:5  | Identified the amulet of Peaxtog {Acrobat Int+2}
 18971 | Slime:5  | Identified the +0 scale mail of the Evening Star {Regen+}
 19023 | Slime:5  | Got a slimy rune of Zot
 19024 | Slime:5  | Identified the ring of the Open Hand {rN+ EV+5 Str+3
                  | Slay+2}
 19057 | Slime:5  | Identified the staff of the Madman {^Contam rF+ Int+3 SInv
                  | Hexes Fire}
 19341 | D:13     | Killed Azrael
 19464 | D:10     | Bought 3 scrolls of torment for 399 gold pieces
 19464 | D:10     | Bought a potion of haste for 140 gold pieces
 19464 | D:10     | Bought a scroll of fear for 56 gold pieces
 19585 | D:10     | Found Jagieterph's Assorted Antiques.
 19591 | D:10     | Bought a wand of digging (4) for 386 gold pieces
 19771 | Vaults:1 | Entered Level 1 of the Vaults
 19843 | Vaults:2 | Received a gift from Okawaru
 20349 | Vaults:1 | Found Sefuank's Armour Shoppe.
 20574 | Vaults:1 | Received a gift from Okawaru
 20617 | Vaults:1 | Reached XP level 20. HP: 120/187 MP: 27/27
 20758 | Vaults:2 | Reached skill level 10 in Armour
 21584 | Vaults:3 | Found a staircase to the Crypt.
 21584 | Vaults:3 | Found a basalt altar of Yredelemnul.
 21585 | Vaults:3 | Found an ancient bone altar of Kikubaaqudgha.
 21818 | Vaults:3 | Received a gift from Okawaru
 21988 | Vaults:4 | Found Sytiwn's Jewellery Boutique.
 22073 | Vaults:4 | Identified the orb of Kindness {light, +Blink Int+2 Slay+3}
 22073 | Vaults:4 | Noticed Frederick
 22096 | Vaults:4 | Killed Frederick
 22426 | Vaults:5 | Entered Level 5 of the Vaults
 22429 | Vaults:5 | Received a gift from Okawaru
 22434 | Vaults:5 | Reached XP level 21. HP: 193/193 MP: 26/28
 22442 | Vaults:5 | Reached skill level 15 in Shields
 22655 | Vaults:5 | Noticed a dread lich
 22675 | Vaults:5 | Killed a dread lich
 22675 | Vaults:5 | Received a gift from Okawaru
 22694 | Vaults:5 | Noticed a golden dragon
 22716 | Vaults:5 | Killed a golden dragon
 23103 | Vaults:5 | Noticed an ancient lich
 23152 | Vaults:4 | Killed an ancient lich
 23303 | Vaults:4 | Reached skill level 18 in Fighting
 23351 | Vaults:4 | Found a runed translucent gate.
 23351 | Vaults:4 | Found a runed translucent gate.
 23352 | Vaults:4 | Found a runed translucent gate.
 23352 | Vaults:4 | Noticed Zotwa's ghost (adept GnSk)
 23354 | Vaults:4 | Found an iron altar of Okawaru.
 23370 | Vaults:4 | Reached skill level 1 in Translocations
 23389 | Vaults:4 | Killed Zotwa's ghost
 23398 | Vaults:4 | Identified the +8 plate armour of Dawn {Rampage rPois
                  | Dex+2}
 23565 | Vaults:5 | Noticed a dread lich
 23579 | Vaults:5 | Killed a dread lich
 23643 | Vaults:5 | Reached XP level 22. HP: 189/203 MP: 29/29
 23667 | Vaults:5 | Found Omaek's Antique Armour Emporium.
 23667 | Vaults:5 | Found Leywk's General Store.
 23820 | Vaults:5 | Received a gift from Okawaru
 23870 | Vaults:5 | Reached skill level 5 in Translocations
 23912 | Vaults:5 | Found Ceng's Magic Scroll Shoppe.
 23912 | Vaults:5 | Found Jisucutu's Jewellery Shop.
 23924 | Vaults:5 | Bought a scroll of teleportation for 51 gold pieces
 23924 | Vaults:5 | Bought a scroll of teleportation for 51 gold pieces
 23924 | Vaults:5 | Bought a scroll of fog for 68 gold pieces
 23931 | Vaults:5 | Got a silver rune of Zot
 23939 | Vaults:5 | Noticed a golden dragon
 23952 | Vaults:5 | Killed a golden dragon
 23953 | Vaults:5 | Reached skill level 19 in Fighting
 24085 | Vaults:5 | Found Veluroeg's Distillery.
 24090 | Vaults:5 | Bought a potion of curing for 48 gold pieces
 24090 | Vaults:5 | Bought a potion of curing for 48 gold pieces
 24090 | Vaults:5 | Bought a potion of haste for 160 gold pieces
 24090 | Vaults:5 | Bought a potion of might for 64 gold pieces
 24090 | Vaults:5 | Bought a potion of ambrosia for 128 gold pieces
 24097 | Vaults:5 | Found Raejile's Magic Scroll Shoppe.
 24102 | Vaults:5 | Bought a scroll of teleportation for 60 gold pieces
 24102 | Vaults:5 | Bought a scroll of blinking for 150 gold pieces
 24102 | Vaults:5 | Bought a scroll of revelation for 150 gold pieces
 24102 | Vaults:5 | Bought a scroll of brand weapon for 190 gold pieces
 24102 | Vaults:5 | Bought a scroll of brand weapon for 190 gold pieces
 24152 | Vaults:5 | Bought a pair of glowing gloves for 165 gold pieces
 24454 | D:8      | Noticed Pikel
 24458 | D:8      | Killed Pikel
 24541 | Temple   | Fell from the grace of Okawaru
 24541 | Temple   | Became a worshipper of Makhleb the Destroyer
 25083 | Elf:2    | Found Hochusib's Jewellery Shoppe.
 25140 | Elf:2    | Reached * piety under Makhleb
 25303 | Elf:3    | Entered Level 3 of the Elven Halls
 25323 | Elf:3    | Noticed Boris
 25345 | Elf:3    | Killed Boris
 25447 | Elf:3    | Found a magical portal.
 25456 | WizLab   | Entered Iskenderun's Mystic Tower
 25961 | Elf:3    | HP: 5/209 [deep elf master archer/arrow[the fury of
                  | Okawaru] (34)]
 26302 | Elf:3    | Noticed Zenata
 26964 | Elf:3    | Reached skill level 20 in Fighting
 27032 | Elf:3    | Identified the +0 mace "Ypuadepo" {freeze, Str+2 Int+3}
 27119 | Elf:3    | Identified the +6 scimitar of Accord {antimagic, Will+
                  | SInv}
 27143 | Elf:3    | Reached ** piety under Makhleb
 27333 | Elf:3    | Identified the ring of Nemm {rPois Int+3 Dex+5 SInv}
 27454 | Elf:3    | Identified the +4 battleaxe of the Swamp {vamp, Will+ Dex+3
                  | SInv}
 27454 | Elf:3    | Identified the +6 scale mail of the Threshing Gods {Rampage
                  | rN+ Dex-2}
 27771 | Elf:3    | Identified the +3 lajatang "Sodgh" {holy, rPois}
 27818 | Elf:3    | Reached XP level 23. HP: 190/215 MP: 30/30
 27856 | Elf:3    | Identified the +10 trident of Income {heavy, rN+ Will+
                  | Int-2 Dex+9}
 27913 | Elf:3    | Identified the +2 short sword of Muewyleb {heavy, rC+ Str+3
                  | SInv}
 27927 | Elf:3    | Identified the +1 chain mail of Fiupoj {rN+}
 27929 | Elf:3    | Got the Grimoire of Elsewhere
 28004 | Elf:3    | Got the Dissertation on Doomed Adjuration
 28398 | D:11     | Learned a level 2 spell: Blink
 28668 | D:15     | Found a stormy altar of Qazlal.
 28893 | Depths:1 | Entered Level 1 of the Depths
 28919 | Depths:1 | Reached *** piety under Makhleb
 28977 | Depths:1 | Reached skill level 10 in Translocations
 29006 | Depths:1 | Found a gateway to Hell.
 29101 | Depths:1 | Reached skill level 1 in Air Magic
 29107 | Depths:1 | Noticed Bai Suzhen
 29129 | D:15     | Killed Bai Suzhen
 29186 | Depths:1 | Was forgiven by Okawaru
 29405 | Depths:1 | Found a one-way gate leading to the halls of Pandemonium.
 29433 | Depths:1 | Found a runed translucent door.
 29556 | Depths:1 | Reached **** piety under Makhleb
 29635 | Depths:2 | Reached skill level 5 in Air Magic
 30212 | Depths:3 | Noticed Jory
 30354 | Depths:3 | Found a one-way gate to the infinite horrors of the Abyss.
 30398 | Depths:4 | Entered Level 4 of the Depths
 30528 | Depths:4 | Reached ***** piety under Makhleb
 30560 | Depths:4 | Found Fesutuoss's General Store.
 30562 | Depths:4 | Found Jelyawn's Antique Armour Shop.
 30564 | Depths:4 | Found Plog's Jewellery Boutique.
 30583 | Depths:4 | Bought a scroll of teleportation for 39 gold pieces
 30583 | Depths:4 | Bought a potion of haste for 130 gold pieces
 30583 | Depths:4 | Bought a scroll of teleportation for 39 gold pieces
 30895 | Depths:4 | Noticed a golden dragon
 30911 | Depths:4 | Killed a golden dragon
 31016 | Depths:4 | Found a gate to the Realm of Zot.
 31025 | Depths:4 | Got a midnight gem with 960 turns to spare
 31083 | Depths:3 | Reached XP level 24. HP: 224/224 MP: 30/30
 31153 | Depths:3 | Killed Jory
 31154 | Depths:3 | Reached skill level 10 in Invocations
 31588 | Depths:2 | Found a one-way gateway to a ziggurat.
 31890 | Zig:1    | Entered Level 1 of a ziggurat
 31912 | Zig:2    | Entered Level 2 of a ziggurat
 31943 | Zig:3    | Entered Level 3 of a ziggurat
 31972 | Zig:4    | Entered Level 4 of a ziggurat
 32011 | Zig:5    | Entered Level 5 of a ziggurat
 32045 | Zig:6    | Entered Level 6 of a ziggurat
 32082 | Zig:6    | Identified the ring of Rekkopp {Fire Str+3}
 32084 | Zig:6    | Identified the ring "Falav" {rPois Will- AC+4 Str+8 Int+3}
 32144 | Zig:7    | Entered Level 7 of a ziggurat
 32152 | Zig:7    | Reached ****** piety under Makhleb
 32185 | Zig:7    | Found the +8 pair of quick blades "Gyre" and "Gimble"
                  | {protect}
 32197 | Zig:7    | Reached XP level 25. HP: 231/231 MP: 16/33
 32240 | Zig:8    | Entered Level 8 of a ziggurat
 32291 | Zig:8    | Got the Handbook of the Flock
 32305 | Zig:9    | Entered Level 9 of a ziggurat
 32323 | Zig:9    | Reached skill level 15 in Invocations
 32349 | Zig:9    | Reached XP level 26. HP: 232/239 MP: 26/35
 32361 | Zig:9    | Learned a level 3 spell: Swiftness
 32366 | Zig:10   | Entered Level 10 of a ziggurat
 32413 | Zig:10   | Identified the staff of the Squeaky God {rC+ Int+2 Ice Air}
 32426 | Zig:11   | Entered Level 11 of a ziggurat
 32517 | Zig:11   | Got Sif Muna's Octavo of the Alluring Welkin
 32518 | Zig:11   | Acquired a +1 antimagic broad axe
 32525 | Zig:11   | Identified the +1 scimitar of Zisug {venom, Dex+3}
 32606 | Zig:12   | Entered Level 12 of a ziggurat
 32763 | Zig:13   | Entered Level 13 of a ziggurat
 32915 | Zig:13   | Noticed a dread lich
 32921 | Zig:13   | Found the +18 shield of the Gong {Loud rN+ Will+ rCorr
                  | EV-5}
 32974 | Depths:2 | Reached XP level 27. HP: 41/246 MP: 34/36
 33210 | Crypt:1  | Entered Level 1 of the Crypt
 33210 | Crypt:1  | Noticed Donald
 33221 | Crypt:1  | Killed Donald
 33257 | Crypt:1  | Found a transporter.
 33287 | Crypt:1  | Found a transporter.
 33288 | Crypt:1  | Noticed Xenat's ghost (veteran MiGl)
 33684 | Crypt:3  | Entered Level 3 of the Crypt
 33825 | Crypt:3  | Found a staircase to the Tomb.
 34089 | Crypt:3  | Found a basalt altar of Yredelemnul.
 34173 | Crypt:3  | Got Onee's Volume of the Mausoleum
 34296 | Crypt:3  | Reached skill level 10 in Air Magic
 34432 | Crypt:3  | Found the ring of Shadows {Umbra +Inv Stlth+}
 34436 | Crypt:3  | Got an ivory gem with 657 turns to spare
 34567 | Tomb:1   | Entered Level 1 of the Tomb of the Ancients
 34763 | Tomb:1   | Paralysed by a sphinx for 2 turns
 34775 | Tomb:1   | Noticed a royal mummy
 34783 | Tomb:1   | Killed a royal mummy
 34785 | Tomb:1   | Noticed a royal mummy
 34807 | Tomb:1   | Killed a royal mummy
 34976 | Tomb:1   | Noticed a royal mummy
 35005 | Tomb:1   | Killed a royal mummy
 35087 | Tomb:2   | Noticed a royal mummy
 35089 | Tomb:2   | Noticed a royal mummy
 35089 | Tomb:2   | Noticed a royal mummy
 35092 | Tomb:2   | Noticed a royal mummy
 35101 | Tomb:1   | Noticed a royal mummy
 35105 | Tomb:1   | Noticed a royal mummy
 35116 | Tomb:1   | Killed a royal mummy
 35117 | Tomb:1   | Noticed a royal mummy
 35117 | Tomb:1   | Noticed a royal mummy
 35125 | Tomb:1   | Killed a royal mummy
 35131 | Tomb:1   | Noticed a royal mummy
 35133 | Tomb:1   | Noticed a royal mummy
 35133 | Tomb:1   | Noticed a royal mummy
 35546 | Zot:1    | Entered Level 1 of the Realm of Zot
 36335 | Zot:2    | Reached skill level 15 in Armour
 37391 | Zot:3    | Reached skill level 21 in Fighting
 37462 | Zot:5    | Entered Level 5 of the Realm of Zot
 37790 | Zot:5    | Noticed an ancient lich
 37811 | Zot:5    | Killed an ancient lich
 37812 | Zot:5    | Reached skill level 22 in Fighting
 37859 | Zot:5    | Noticed an orb of fire
 37876 | Zot:5    | Killed an orb of fire
 37931 | Zot:5    | Noticed a dread lich
 37948 | Zot:5    | Killed a dread lich
 37954 | Zot:5    | Reached skill level 23 in Fighting
 37982 | Zot:5    | Noticed an orb of fire
 37989 | Zot:5    | Killed an orb of fire
 38018 | Zot:5    | Noticed an ancient lich
 38030 | Zot:5    | Killed an ancient lich
 38120 | Zot:5    | Reached skill level 24 in Fighting
 38124 | Zot:5    | Noticed an orb of fire
 38138 | Zot:5    | Noticed a dread lich
 38142 | Zot:5    | Noticed an orb of fire
 38142 | Zot:5    | Killed an orb of fire
 38298 | Zot:5    | Killed an orb of fire
 38339 | Zot:5    | Killed a dread lich
 38379 | Zot:5    | Got the Orb of Zot
 38494 | Depths:4 | Noticed Oniudaof the pandemonium lord
 38494 | Depths:4 | Noticed an ancient lich
 38535 | Depths:2 | Noticed Atey the pandemonium lord
 38676 | D:9      | Noticed Ponis the pandemonium lord
 38860 | D:$      | Escaped with the Orb!

Illustrated notes

Levels and vault maps discovered:
D:1:      dpeg_arrival_rooms_b, layout_basic
D:2:      layout_loops_ring
D:3:      layout_loops_corners, shapermc_ecumenical_altar_totnotflames,
          chequers_serial_rivers_large_b
D:4:      layout_basic, nicolae_elyvilon_peaceful_grove, serial_shops, shop
D:5:      layout_loops_ring, temple_fountains, uniq_sigmund, uniq_eustachio,
          uniq_prince_ribbit1
D:6:      layout_basic
D:7:      layout_basic, grunt_temple_overflow_open, kennysheep_vampire_church,
          nicolae_dithmenos_shadow_blocks
D:8:      layout_loops_corners, minmay_manual_mess, uniq_jeremiah, uniq_pikel
D:9:      layout_loops_cross, hellmonk_lair_entry_icy,
          ebering_ghost_rock_garden, kennysheep_windowed_goal, uniq_erolcha,
          uniq_maggie
D:10:     layout_stronghold, serial_shops, shop, nicolae_shop_rolling_square,
          shop, nicolae_lakefront_shop
D:11:     dreamdust_isle_of_ice, layout_loops_ring, orc_0_dummy,
          portal_ice_cave_entry_ice_simulacra, kennysheep_nondescript,
          uniq_amaemon
D:12:     layout_roguey, dk_noncrumbling_3
D:13:     layout_roguey, erik_vaults_1, minmay_fountain_box, uniq_sonja,
          uniq_frances, uniq_azrael
D:14:     layout_basic, gauntlet_entry_generic, fountainhead,
          minmay_rotating_lava
D:15:     gammafunk_depths_entry_grave, layout_irregular_city,
          nicolae_qazlal_scattered_showers, uniq_louise, uniq_josephine
Temple:   zaba_magenta_temple
Lair:1:   layout_cave_pods, grunt_megastairs_4, uniq_nergalle
Lair:2:   layout_cave_pods, alex1729_swamp_entry_worm_eleionoma,
          chequers_serial_rivers_micro_d, st_stairs_13, guppyfry_lair_drakes,
          uniq_harold
Lair:3:   layout_long_grid, guppyfry_snake_entry_garden, minmay_hedge_maze
Lair:4:   layout_regular_city, grunt_megastairs_2
Lair:5:   minmay_lair_end_enchanted_forest, layout_cellular_growth,
          slime_entry_1, grunt_megastairs_1, infiniplex_staircase_pool
Swamp:1:  layout_falls_marsh, nicolae_swamp_tree_designs
Swamp:2:  layout_basic_swamp, evilmike_swamp_ruin_house_5, swamp_pool_5
Swamp:3:  layout_basic_swamp, nicolae_swamp_dense_foliage
Swamp:4:  swamp_basic_johnstein, layout_basic_swamp
Snake:1:  layout_onion, basic_altar, gammafunk_ghost_berserking_beasts,
          nicolae_shop_sticking_my_neck_out, lemuel_fruit_tree
Snake:2:  layout_cave_shapes, serial_shops, nicolae_shop_just_a_little_nook,
          nicolae_snake_bzzzt
Snake:3:  layout_rooms, serial_shops, nicolae_diamond_shop
Snake:4:  minmay_snake_end_coiled, layout_onion_interference,
          nicolae_snake_storage_room, grunt_megastairs_3
Slime:1:  layout_caves
Slime:2:  layout_caves
Slime:3:  layout_caves
Slime:4:  layout_caves, cheibrodos_slime_lost_civilization_5
Slime:5:  slime_pit_nicolae_trefoil
Orc:1:    layout_caves
Orc:2:    st_orc_open, layout_diamond_mine
Elf:1:    elf_arrival_001, layout_gridlike, serial_shops,
          nicolae_shop_window_shopping, nicolae_elf_crossing_hall
Elf:2:    nicolae_elf_blades_crystal_corner, layout_geoelf_diagonals,
          serial_shops, nicolae_stop_n_shop_1
Elf:3:    minmay_elf_hall_hex, layout_geoelf_castle, mu_enter_wizlab_5,
          serial_shops, shop, st_stairs_2, uniq_zenata, uniq_boris
Vaults:1: grunt_vaults_twisty, ontoclasm_vaults_chip,
          nicolae_vaults_trapezoid_lopsided_3, v_misc_14, hangedman_vaults_hat,
          nicolae_vaults_layer_cake_slice,
          nicolae_vaults_taking_the_gang_shopping, nicolae_vaults_puzzle_piece,
          vaults_room_door_hall, nicolae_vaults_specimen_jars,
          nicolae_vaults_hallways_thing, nicolae_vaults_tetromino_T_1,
          vaults_dpeg_doors, ontoclasm_vaults_gallery,
          nicolae_vaults_trapezoid_lopsided_4, vaults_dpeg_cross,
          layout_vaults_ring
Vaults:2: nicolae_vaults_border_crossing, nicolae_vaults_storing_the_good_stuff,
          vaults_room_fours, vaults_room_hallway, nicolae_vaults_wine_cellar,
          ontoclasm_vaults_claustrophobia, ontoclasm_vaults_pinch, v_misc_26,
          nicolae_vaults_tetromino_T_1, layout_vaults_omnigrid
Vaults:3: nicolae_vaults_trapezoid_lopsided_3, v_alt_pattern_6,
          nicolae_vaults_three_branches, vaults_standard_mumra_x,
          hangedman_vaults_stream, nicolae_vaults_puzzle_piece,
          nicolae_vaults_house_3, nicolae_vaults_tetromino_Z_2,
          nicolae_vaults_quadrants, minmay_crypt_entry_necro_gods,
          vaults_room_corners, v_misc_24, nicolae_vaults_double_plus_1,
          ontoclasm_vaults_ligature, layout_vaults_omnibox
Vaults:4: gammafunk_ghost_fury_of_okawaru, nicolae_vaults_puzzle_piece,
          ontoclasm_vaults_ring_square, v_misc_4, v_rooms_5,
          nicolae_vaults_hexular_roomagon, nicolae_vaults_closet_pinwheel_1,
          v_misc_24, nicolae_vaults_closet_pinwheel_6, hangedman_vaults_snaps,
          nicolae_vaults_little_squares_4, serial_ice_m,
          nicolae_vaults_ring_of_whatevers, layout_vaults_maze, serial_shops,
          nicolae_shop_advertising_works [nicolae_subvault_shop_adworks],
          uniq_frederick
Vaults:5: serial_shops
Crypt:1:  layout_catacombs, gammafunk_ghost_mausoleum, uniq_grunn, uniq_donald
Crypt:2:  tekkud_devil_daggers, layout_basic, chequers_big_river,
          skrybe_necro_troll_2
Crypt:3:  church_of_pain_bobbens, layout_chaotic_city
Tomb:1
Tomb:2
Depths:1: gammafunk_mikee_crab_dinner, layout_cave_pools, pan_entry, hell_entry,
          lemuel_statue_altar, grunt_ministairs_2, lightli_gold_pyramid,
          infiniplex_staircase_pool_lava, uniq_bai_suzhen
Depths:2: evilmike_diamond_2, layout_small_grid, enter_ziggurat_f,
          serial_library_hellmonk_angled_corner, rand_demon_pan_entry_4,
          pf_hell_entry_tar_river, kennysheep_generic_room_16
Depths:3: minmay_isolated_rectangles_in_corner, layout_cross,
          nicolae_abyss_entry_one_way_or_another,
          amcnicky_mini_rare_corridor_liquid, rand_demon_pan_entry_1,
          grunt_hell_entry_dis_grunt, minmay_shop_grove, uniq_jory
Depths:4: grunt_zot_entry_pinwheel, layout_honeycomb, hell_entry,
          minmay_shop_star, uniq_margery
Zot:1:    layout_onion, st_stairs_8, regret_index_zotdec_golden_two_three
Zot:2:    minmay_elemental_castle, layout_twisted_circle,
          regret_index_zotdec_ex, hangedman_zot_decor_checkerboard
Zot:3:    gammafunk_the_bubble [the_bubble_gammafunk_roulette],
          layout_misc_corridors, skrybe_zot_glass_2, grunt_ministairs_13
Zot:4:    layout_gridlike, regret_index_zotdec_silver_v_v_loose,
          nicolae_transporter_circle
Zot:5:    layout_twisted_circle

Skill      XL: |  1  2  3  4  5  6  7  8  9 10 11 12 13 14 15 16 17 18 19 20 21 22 23 24 25 26 27 |
---------------+----------------------------------------------------------------------------------+-----
Unarmed Combat | 1 2 4 5 6 7 9 12 | 12.1
Ice Magic      | 2 |  2.8
Fighting       | 1 3 5 8 9 11 12 14 17 18 20 24 | 24.6
Armour         | 2 4 6 7 9 12 14 15 | 15.7
Evocations     | 2 3 7 |  7.1
Invocations    | 3 5 6 9 14 16 19 20 | 20.7
Spellcasting   | 5 |  5.1
Axes           | 1 8 12 15 17 18 19 | 19.0
Shields        | 4 6 10 12 14 15 | 15.0
Throwing       | 4 |  4.8
Dodging        | 9 11 13 14 | 14.7
Translocations | 3 8 10 13 | 13.1
Air Magic      | 8 11 | 11.3
Short Blades   | |  0.8
Stealth        | |  3.2
Hexes          | |  2.4

Action                     |  1- 3 |  4- 6 |  7- 9 | 10-12 | 13-15 | 16-18 | 19-21 | 22-24 | 25-27 || total
---------------------------+-------+-------+-------+-------+-------+-------+-------+-------+-------++-------
  Melee: Unarmed           |   133 |   107 |   181 |   520 |    10 |       |       |       |       ||   951
         Punch             |     3 |       |    11 |    52 |     5 |       |       |       |       ||    71
         Dagger            |       |     3 |     1 |       |       |       |       |       |       ||     4
         Battleaxe         |       |       |       |       |   594 |       |       |       |       ||   594
         Demon trident     |       |       |       |       |    71 |       |       |       |       ||    71
         Trident           |       |       |       |       |     6 |       |       |       |       ||     6
         Broad axe         |       |       |       |       |   184 |  1342 |  1188 |  1755 |  2055 ||  6524
   Fire: Sling             |     5 |       |       |       |       |       |       |       |       ||     5
         Orcbow            |       |       |     2 |       |       |       |       |       |       ||     2
  Throw: Dart              |       |    11 |    25 |     4 |    14 |     3 |    12 |     2 |     2 ||    73
         Stone             |       |       |     1 |       |       |       |       |       |       ||     1
         Javelin           |       |       |       |     2 |    10 |       |     2 |       |    18 ||    32
         Throwing net      |       |       |       |       |       |       |       |       |     2 ||     2
   Cast: Ensorcelled Hiber |     4 |     9 |     6 |       |       |       |       |       |       ||    19
         Confusing Touch   |       |     1 |     1 |       |       |       |       |       |       ||     2
         Apportation       |       |       |       |       |       |       |       |    29 |    54 ||    83
         Blink             |       |       |       |       |       |       |       |     1 |     3 ||     4
         Manifold Assault  |       |       |       |       |       |       |       |    13 |     9 ||    22
         Passage of Golubr |       |       |       |       |       |       |       |       |    22 ||    22
 Invoke: Heroism           |       |       |     1 |    12 |    23 |    23 |    21 |     3 |       ||    83
         Finesse           |       |       |       |     1 |     2 |     2 |     7 |       |       ||    12
         Receive Weapon    |       |       |       |       |     1 |       |       |       |       ||     1
         Receive Armour    |       |       |       |       |       |     1 |       |       |       ||     1
         Lesser Servant of |       |       |       |       |       |       |       |     1 |       ||     1
         Major Destruction |       |       |       |       |       |       |       |       |    12 ||    12
         Greater Servant o |       |       |       |       |       |       |       |       |    20 ||    20
  Evoke: Wand              |       |     6 |    11 |    14 |    19 |       |     8 |    23 |    24 ||   105
         Phial of floods   |       |       |       |       |       |       |     2 |       |       ||     2
    Use: Scroll            |       |     1 |     5 |     7 |    10 |    16 |    16 |    19 |    24 ||    98
         Potion            |       |       |     4 |       |     7 |     1 |    12 |    18 |    17 ||    59
   Stab: Sleeping          |    10 |    10 |     2 |       |       |       |       |       |       ||    22
         Confused          |       |       |     1 |       |       |       |       |     1 |       ||     2
         Invisible         |       |       |       |       |       |       |     1 |    11 |     8 ||    20
         Distracted        |       |       |       |       |       |       |       |     1 |    10 ||    11
         Petrified         |       |       |       |       |       |       |       |       |    21 ||    21
         Petrifying        |       |       |       |       |       |       |       |       |     3 ||     3
 Armour: Robe              |    51 |    60 |    41 |       |       |       |       |       |       ||   152
         Leather armour    |       |       |     5 |       |       |       |       |       |       ||     5
         Chain mail        |       |       |    69 |   453 |   918 |  1165 |   467 |   782 |       ||  3854
         Storm dragon scal |       |       |       |       |       |       |       |    47 |  1058 ||  1105
         Gold dragon scale |       |       |       |       |       |       |       |       |   138 ||   138
  Dodge: Dodged            |    59 |    67 |    56 |   136 |   337 |   668 |   257 |   395 |   830 ||  2805
  Block: Buckler           |       |       |       |       |    29 |   284 |       |       |       ||   313
         Reflection        |       |       |       |       |     1 |    20 |       |       |       ||    21
         Tower shield      |       |       |       |       |       |    85 |  1098 |  1536 |  2626 ||  5345
